 Dungeon Crawl Stone Soup version 0.20.0-10-g0535bb4 (webtiles) character file.

5651 Lexie the Basher (level 10, -4/73 HPs)
             Began as a Demonspawn Monk on June 7, 2017.
             Was a Believer of Hepliaklqana.
             Slain by a six-headed hydra (7 damage)
             ... on level 9 of the Dungeon.
             The game lasted 00:18:30 (11829 turns).

Lexie the Basher (Demonspawn Monk)                 Turns: 11829, Time: 00:18:31

Health: -4/73      AC:  7    Str: 14    XL:     10   Next: 46%
Magic:  0/10       EV: 17    Int: 11    God:    Hepliaklqana [**....]
Gold:   511        SH:  0    Dex: 21    Spells: 8/9 levels left

rFire    . . .     SeeInvis .   C - +2 whip (elec)
rCold    . . .     Gourm    .   (no shield)
rNeg     . . .     Faith    .   t - +0 ring mail
rPois    .         Spirit   +   (no helmet)
rElec    .         Reflect  .   (no cloak)
rCorr    .         Harm     .   (no gloves)
MR       .....                  (no boots)
Stlth    ++........             (no amulet)
Regen    0.3/turn               g - ring of flight
MPRegen  0.2/turn               k - +4 ring of dexterity

@: no status effects
A: reduced essence, yellow scales 1, foul stench 1, magic shield, rot immunity
a: Recall Ancestor, Ancestor Identity, Renounce Religion, Evoke Flight


You were on level 9 of the Dungeon.
You worshipped Hepliaklqana.
Hepliaklqana was pleased with you.
You were not hungry.

You visited 2 branches of the dungeon, and saw 10 of its levels.

You collected 511 gold pieces.

Inventory:

Hand Weapons
 a - a +0 mace
 C - a +2 whip of electrocution (weapon)
Armour
 b - a +0 robe
 t - a +0 ring mail (worn)
Jewellery
 g - a ring of flight (left hand)
 k - a +4 ring of dexterity (right hand)
 F - an uncursed ring of protection from magic {unknown}
Wands
 i - a wand of paralysis (10/24)
 E - a wand of digging (4/24)
 J - a wand of confusion (18/48)
 L - a wand of flame (12/48)
 M - a wand of flame (28/48)
Scrolls
 d - 7 scrolls of identify {unknown}
 e - 5 scrolls of recharging {unknown}
 f - 6 scrolls of teleportation {unknown}
 h - 6 scrolls of magic mapping {unknown}
 j - 2 scrolls of blinking {unknown}
 m - 3 scrolls of immolation {unknown}
 n - a scroll of remove curse {unknown}
 p - a scroll of noise {unknown}
 s - a scroll of enchant armour {unknown}
 v - a scroll of amnesia {unknown}
 H - a scroll of random uselessness {unknown}
 N - a scroll of enchant weapon {unknown}
Potions
 l - 2 potions of resistance {unknown}
 q - a potion of curing
 w - a potion of haste {unknown}
 x - 2 potions of degeneration {unknown}
 A - a potion of mutation {unknown}
 D - a potion of heal wounds
 G - a potion of ambrosia
 I - a potion of might {unknown}
Books
 r - a book of Cantrips

   Spells                             Type                      Level
   a - Confusing Touch                Hexes                        1
   b - Animate Skeleton               Necromancy                   1
   c - Summon Small Mammal            Summoning                    1
   d - Apportation                    Translocation                1
 z - a book of Power

   Spells                             Type                      Level
   a - Iskenderun's Battlesphere      Conjuration/Charms           5
   b - Venom Bolt                     Conjuration/Poison           5
   c - Bolt of Magma                  Conjuration/Fire/Earth       5
   d - Iron Shot                      Conjuration/Earth            6
   e - Orb of Destruction             Conjuration                  7
   f - Spellforged Servitor           Conjuration/Summoning        7
Miscellaneous
 y - a lightning rod (4/4)
Comestibles
 c - 4 bread rations
 o - 11 royal jellies
 u - 4 meat rations
 B - 12 fruits
 K - 2 chunks of flesh


   Skills:
 + Level 8.9 Fighting
 * Level 11.3 Maces & Flails
 + Level 8.3 Dodging
 - Level 1.7 Stealth


You had 8 spell levels left.
You knew the following spells:

 Your Spells              Type           Power        Failure   Level  Hunger
a - Apportation           Tloc           #.....       58%         1    ##.....


Dungeon Overview and Level Annotations

Branches:
Dungeon (9/15)             Temple (1/1) D:5
   Lair: D:8-11         Orc: D:9-12

Altars:
Ashenzari
Cheibriados
Dithmenos
Elyvilon
Fedhas
Gozag
Hepliaklqana
Kikubaaqudgha
Makhleb
Nemelex Xobeh
Okawaru
Qazlal
Ru
Sif Muna
Trog
Uskayaw
Vehumet
Xom
Yredelemnul
Zin
The Shining One

Shops:
D:4 [(*   D:5 ![(

Annotations:
D:6 Narsil's ghost, novice FoFi


Innate Abilities, Weirdness & Mutations

You are partially covered in yellow scales. (AC +2)
You may emit foul miasma when damaged in melee.
When hurt, damage is shared between your health and your magic reserves.
You are immune to rotting.
Your life essence is reduced. (-10% HP)


Message History

The six-headed hydra bites you but does no damage.
The six-headed hydra bites you! The six-headed hydra misses you.
The six-headed hydra completely misses you.
The six-headed hydra misses you. The six-headed hydra barely misses you.
N'a ove hits the six-headed hydra with a dagger of draining.
Evoke which item? (* to show all) (? for menu, Esc to quit)
Aiming: Confuse (will waste charges)
Press: ? - help, Shift-Dir - straight line, f/p - six-headed hydra
Aim: a six-headed hydra (lightly wounded, sick, chance to defeat MR: 15%)
The six-headed hydra resists with almost no effort.
Evoking this partially-identified wand wasted a few charges.
The six-headed hydra misses you.
The six-headed hydra closely misses you.
The six-headed hydra completely misses you.
The six-headed hydra bites you!
* * * LOW HITPOINT WARNING * * *
The six-headed hydra bites you!
* * * LOW HITPOINT WARNING * * *
The six-headed hydra bites you!
You die...

#. #.........D......# ..
#...>......####.##
#.#.#.#..#.......####.
#....................
#.#.#.#......).#.##### ..
#........#.##
#.###......#.#... ..#
........##..#.#.###### #..#
.##............D@.....# #..
#####.......##R####.# #..
.######..........# #.# #.#
.(............#### #.# #.#
.######........######.####.#
.............#.............#
#######.###.#########.####.#
#.# #.#### #......# #.#
#....# #####..#


You could see the friendly N'a ove the hexer and a six-headed hydra.

Vanquished Creatures
  A two-headed ogre (D:8)
  A troll (D:9)
  A hornet (D:8)
  4 yaks (D:9)
  A hungry ghost (D:8)
  Menkaure (D:4)
  2 soldier ants (D:8)
  An ice beast (D:7)
  3 phantoms
  3 ogres
  2 centaurs
  The ghost of CALLOUS the Sneak, an amateur TeIE (D:4)
  7 bullfrogs
  A water moccasin zombie (D:6)
  A wyvern skeleton (D:6)
  12 killer bees (D:7)
  A vampire bat (D:8)
  8 howler monkeys
  A crimson imp (D:7)
  A hound (D:7)
  3 jellies
  3 orc wizards
  3 bullfrog skeletons
  3 centaur skeletons
  An orc priest (D:6)
  6 worker ants
  A hound zombie (D:6)
  A hound skeleton (D:6)
  2 worker ant zombies
  10 adders
  A shadow imp (D:9)
  5 worms
  10 leopard geckos
  12 orcs
  2 ball pythons
  11 bats
  7 giant cockroaches
  6 goblins
  4 hobgoblins
  2 jackals (D:1)
  7 kobolds
  7 quokkas
  7 frilled lizards
  2 leopard gecko skeletons
  A leopard gecko zombie (D:5)
  2 quokka skeletons
  A quokka zombie (D:8)
  13 rats
186 creatures vanquished.

Vanquished Creatures (collateral kills)
  A bullfrog (D:6)
  A scorpion (D:9)
  A hound (D:8)
  A worker ant (D:6)
  A shadow imp (D:8)
  2 orcs
7 creatures vanquished.

Vanquished Creatures (others)
  3 hexers
3 creatures vanquished.

Grand Total: 196 creatures vanquished

Notes
Turn   | Place    | Note
-------+----------+-------------------------------------------
     0 | D:1      | Lexie the Demonspawn Monk began the quest for the Orb.
     0 | D:1      | Reached XP level 1. HP: 18/18 MP: 1/1
   101 | D:1      | Reached skill level 3 in Maces & Flails
   181 | D:1      | Gained mutation: You are partially covered in yellow scales. (AC +2) [demonic ancestry]
   181 | D:1      | Reached XP level 2. HP: 20/24 MP: 2/2
  1362 | D:2      | Gained mutation: When hurt, damage is shared between your health and your magic reserves. [demonic ancestry]
  1362 | D:2      | Reached XP level 3. HP: 23/29 MP: 3/3
  1455 | D:2      | Found a glowing golden altar of the Shining One.
  2354 | D:2      | Reached XP level 4. HP: 14/35 MP: 1/4
  2367 | D:2      | Reached skill level 8 in Maces & Flails
  2367 | D:2      | Gained mutation: You are immune to rotting. [demonic ancestry]
  2367 | D:2      | Reached XP level 5. HP: 7/47 MP: 3/5
  3174 | D:2      | Found a blossoming altar of Fedhas.
  4529 | D:4      | Noticed Menkaure
  4547 | D:4      | Killed Menkaure
  4547 | D:4      | Reached XP level 6. HP: 18/53 MP: 0/6
  4881 | D:4      | Found Ifajeg's Antique Weapon Shop.
  5005 | D:4      | Found Ytill's Antique Armour Shoppe.
  5055 | D:4      | Noticed CALLOUS's ghost (amateur TeIE)
  5264 | D:4      | Killed CALLOUS's ghost
  5544 | D:4      | Found Jazelao's General Store.
  5767 | D:4      | Gained mutation: You may emit foul miasma when damaged in melee. [demonic ancestry]
  5767 | D:4      | Reached XP level 7. HP: 45/60 MP: 7/7
  5874 | D:5      | Entered Level 5 of the Dungeon
  5949 | D:5      | Found Veol's Armour Shop.
  6347 | D:5      | Found Roreetih's Weapon Emporium.
  6476 | D:5      | Found Caujeg's Distillery.
  6507 | D:5      | Reached skill level 9 in Maces & Flails
  6665 | D:5      | Found a staircase to the Ecumenical Temple.
  6671 | Temple   | Entered the Ecumenical Temple
  6881 | Temple   | Became a worshipper of Hepliaklqana the Forgotten
  6881 | Temple   | Reached * piety under Hepliaklqana
  6881 | Temple   | Reached ** piety under Hepliaklqana
  6882 | Temple   | Remembered your ancestor N'a ove as a hexer
  7186 | D:5      | Learned a level 1 spell: Apportation
  7342 | D:6      | Noticed Narsil's ghost (novice FoFi)
  7574 | D:6      | HP: 1/54 [Narsil's ghost (17)]
  7881 | D:6      | HP: 2/54 [Narsil's ghost (16)]
  8352 | D:6      | Reached XP level 8. HP: 54/60 MP: 8/8
  9170 | D:7      | Found a burning altar of Makhleb.
  9448 | D:7      | Found a shadowy altar of Dithmenos.
  9654 | D:7      | Found a shimmering altar of Xom.
  9725 | D:7      | Reached XP level 9. HP: 47/65 MP: 9/9
  9891 | D:7      | Found a bloodstained altar of Trog.
  9911 | D:7      | Reached skill level 10 in Maces & Flails
 10347 | D:8      | Noticed a two-headed ogre
 10480 | D:8      | Killed a two-headed ogre
 10944 | D:8      | Reached XP level 10. HP: 50/73 MP: 6/10
 11227 | D:9      | Reached skill level 11 in Maces & Flails
 11393 | D:9      | Found a radiant altar of Vehumet.
 11475 | D:9      | Noticed a six-headed hydra
 11829 | D:9      | HP: 3/73 [six-headed hydra (11)]
 11829 | D:9      | Slain by a six-headed hydra

Skill      XL: |  1  2  3  4  5  6  7  8  9 10 |
---------------+-------------------------------+-----
Maces & Flails | 3 8 9 10 11 | 11.3
Dodging        | 3 6 7 8 |  8.3
Fighting       | 6 7 8 |  8.9
Stealth        | |  1.7

Action                   |  1- 3 |  4- 6 |  7- 9 | 10-12 || total
-------------------------+-------+-------+-------+-------++-------
Melee: Mace              |   181 |   196 |   142 |       ||   519
       Whip              |       |       |   284 |    72 ||   356
Invok: Ancestor Life: He |       |       |     1 |       ||     1
       Ancestor Identity |       |       |     1 |       ||     1
       Recall Ancestor   |       |       |     1 |       ||     1
Evoke: Wand              |       |       |       |     2 ||     2
  Use: Potion            |     6 |     2 |       |       ||     8
 Stab: Sleeping          |     6 |     3 |     4 |       ||    13
       Distracted        |     1 |       |     1 |     2 ||     4
       Confused          |       |       |     3 |     1 ||     4
  Eat: Chunk             |     5 |    11 |    16 |     3 ||    35
       Fruit             |       |       |     1 |       ||     1
Armor: Robe              |    60 |    18 |       |       ||    78
       Ring mail         |       |    21 |    99 |    13 ||   133
Dodge: Dodged            |   154 |   109 |   272 |    58 ||   593
